 Dungeon Crawl Stone Soup version 0.21.1-1-g345015fe64 (webtiles) character file.

76 Jarinaxus the Shield-Bearer (level 4, -4/44 HPs)
             Began as a Troll Fighter on June 19, 2018.
             Slain by Sigmund
             ... wielding a +2 scythe of protection
              (13 damage)
             ... on level 2 of the Dungeon.
             The game lasted 00:15:20 (1454 turns).

Jarinaxus the Shield-Bearer (Troll Fighter)         Turns: 1454, Time: 00:15:21

Health: -4/44      AC:  6    Str: 30    XL:     4   Next: 12%
Magic:  3/3        EV:  8    Int:  4    God:
Gold:   55         SH:  0    Dex:  9    Spells: 3/3 levels left

rFire    . . .     SeeInvis .   a - +0 flail
rCold    . . .     Gourm    +   c - +0 shield
rNeg     . . .     Faith    .   A - +1 animal skin
rPois    .         Spirit   .   (helmet restricted)
rElec    .         Reflect  .   (no cloak)
rCorr    .         Harm     .   (gloves unavailable)
MR       .....                  (boots unavailable)
Stlth    +.........             (no amulet)
HPRegen  0.54/turn              m - ring of wizardry
MPRegen  0.08/turn              (no ring)

@: confused, mighty
A: large, unfitting armour, claws 3, fast metabolism 3, gourmand, regeneration
1, shaggy fur 1, tough skin 2
a: no special abilities


You were on level 2 of the Dungeon.
You were very full.

You visited 1 branch of the dungeon, and saw 2 of its levels.

You collected 55 gold pieces.

Inventory:

Hand Weapons
 a - a +0 flail (weapon)
 g - a +0 dagger
 h - a +0 short sword
 j - a +0 hand axe
 k - a +0 club
 p - a +0 club
 q - a +0 club
 r - a +0 short sword
 s - a +0 hunting sling
 w - a +0 spear
 x - a +0 mace
 y - a +0 falchion
 z - a +0 hand axe
 C - a cursed +0 club
Missiles
 e - 53 stones (quivered)
 o - 6 needles of sleeping
Armour
 b - a +0 robe
 c - a +0 shield (worn)
 u - a +0 chain mail
 A - a +1 animal skin (worn)
 B - a +0 helmet
 F - a +0 shield
Jewellery
 m - a ring of wizardry (left claw)
Wands
 E - a wand of flame (22)
Scrolls
 i - 2 scrolls of identify
 n - a scroll of enchant weapon {unknown}
 t - 2 scrolls of teleportation {unknown}
 v - a scroll of blinking {unknown}
Potions
 l - 2 potions of agility
Comestibles
 f - 4 rations
 D - 2 chunks of flesh


   Skills:
 + Level 2.7 Fighting
 * Level 1.1(1.8) Axes
 + Level 2.5(2.7) Maces & Flails
 + Level 2.6 Dodging
 * Level 3.0 Shields


You had 3 spell levels left.
You didn't know any spells.

Dungeon Overview and Level Annotations

Branches:
Dungeon (2/15)

Altars:
Okawaru
Ru
Zin

Annotations:
D:2 Sigmund


Innate Abilities, Weirdness & Mutations

You are too large for most types of armour.
You have claws for hands.
Your metabolism is lightning-fast.
You like to eat raw meat.
Your natural rate of healing is unusually fast.
You are covered in fur. (AC +1)
You have very tough skin. (AC +2)


Message History

Deactivating autopickup; reactivate with Ctrl-A.
You hear some strange, mumbled words.
Something tries to affect you, but you resist.
A magic dart appears from out of thin air!
The magic dart hits you!
There is an open door here.
m - a ring of wizardry (left claw)
You feel very mighty all of a sudden. You block something's attack.
You start resting.
Something hits you!
* * * LOW HITPOINT WARNING * * *
You barely miss something. You miss something.
Something hits you but does no damage.
You miss something. Something hits you.
* * * LOW HITPOINT WARNING * * *
You sock something!
You hear some strange, mumbled words.
You are confused.
You completely miss something. Something hits you!
You die...

.........#...#####......#
.........#...# ###......#
.........#...#
#........##
.........#...#
#..........
.........#...#
#..........
+##...####...#
#..........
..########...#####)# ...#
#.........#.# ...#
#........@'.# ...#
#.........###
...#####.........#
...##............+
...##.##.........#
...##.##.........#
...##.##.........#
...##.##.........#
...##.##.%.......


There were no monsters in sight!

Vanquished Creatures
  Robin (D:2)
  An ooze (D:1)
  2 leopard geckos (D:1)
  4 giant cockroaches
  14 goblins
  8 hobgoblins
  3 jackals (D:2)
  2 bats
  5 frilled lizards
  8 kobolds
  7 rats
55 creatures vanquished.

Notes
Turn   | Place    | Note
-------+----------+-------------------------------------------
     0 | D:1      | Jarinaxus the Troll Fighter began the quest for the Orb.
     0 | D:1      | Reached XP level 1. HP: 22/22 MP: 0/0
   210 | D:1      | Reached XP level 2. HP: 26/29 MP: 1/1
   457 | D:1      | Found an iron altar of Okawaru.
   499 | D:1      | Reached XP level 3. HP: 34/36 MP: 2/2
  1018 | D:2      | Noticed Robin
  1059 | D:2      | Killed Robin
  1059 | D:2      | Reached skill level 3 in Shields
  1075 | D:2      | Reached skill level 1 in Axes
  1206 | D:2      | Reached XP level 4. HP: 44/44 MP: 3/3
  1359 | D:2      | Found a sacrificial altar of Ru.
  1359 | D:2      | Found a glowing silver altar of Zin.
  1413 | D:2      | Noticed Sigmund
  1454 | D:2      | Slain by Sigmund

Skill      XL: |  1  2  3 |
---------------+----------+-----
Maces & Flails | 2 |  2.5
Shields        | 3 |  3.0
Axes           | 1 |  1.1
Fighting       | |  2.7
Dodging        | |  2.6

Action                   |  1- 3 |  4- 6 || total
-------------------------+-------+-------++-------
Melee: Flail             |   171 |    39 ||   210
Throw: Stone             |     3 |       ||     3
  Use: Potion            |     1 |     1 ||     2
       Scroll            |     3 |     1 ||     4
  Eat: Chunk             |    17 |     2 ||    19
Armor: Robe              |    54 |       ||    54
       Animal skin       |     2 |    18 ||    20
       Skin              |     1 |       ||     1
Dodge: Dodged            |    57 |    19 ||    76
Block: Shield            |    86 |    19 ||   105
